AoeStats
← [B$] kaeffer

Fortress

509923659Analyzed
2v2 RM · 4d ago on Sep 28, 2026· 22m 5s· 4 players
Game mode
Random Map
Map size
Normal (6 player)
Population
200
Speed
Normal
Resources
Standard
Victory
Conquest
Starting age
Dark Age
Ending age
Imperial Age
RankedLock teamsTeams togetherTeam positionsShared explorationLock speedFull tech treeHidden civsTurbo modeCheats
Victory
Defeat
🇹🇷 Britons · Türkiye
1247
+14
🇵🇰 Gurjaras · Pakistan
1227
+15
🇩🇪 Spanish · Germany
1207
-15
🇩🇪 Italians · Germany
1203
-14
Falke
7:17 Feudal Age
11:20 Castle Age
9:24 Double-Bit Axe
11:02 Horse Collar
12:19 Bow Saw
12:04 Loom
12:57 Wheelbarrow
15:49 Padded Archer Armor
[B$] kaeffer
6:14 Loom
8:00 Feudal Age
12:05 Castle Age
9:53 Double-Bit Axe
9:55 Horse Collar
12:01 Fletching
12:13 Padded Archer Armor
14:30 Bow Saw
15:14 Bodkin Arrow
15:34 Leather Archer Armor
15:55 Town Watch
17:59 Thumb Ring
18:58 Elite Skirmisher
Selat09
7:53 Feudal Age
12:17 Castle Age
10:15 Double-Bit Axe
11:18 Fletching
16:21 Imperial Age
14:55 Fletching
15:52 Padded Archer Armor
16:15 Bodkin Arrow
17:24 Padded Archer Armor
19:13 Ballistics
22:02 Bracer
NSN WAJID
9:34 Feudal Age
10:25 Double-Bit Axe
10:21 Horse Collar
10:33 Gold Mining
13:34 Castle Age
12:25 Horse Collar
14:33 Wheelbarrow
18:26 Bow Saw
Connection lost

Rejoining the realm…

Still unreachable

The connection could not be restored.

Session expired

The server has moved on; the page needs a fresh start.